AoeStats
← warpig233

Four Lakes

509146555Analyzed
1v1 RM · 6d ago on Sep 25, 2026· 28m 29s· 2 players
Game mode
Random Map
Map size
Tiny (2 player)
Population
200
Speed
Normal
Resources
Standard
Victory
Conquest
Starting age
Dark Age
Ending age
Imperial Age
RankedLock teamsTeams togetherTeam positionsShared explorationLock speedFull tech treeHidden civsTurbo modeCheats
Victory
Defeat
🇪🇸 Mongols · Spain
903
+16
🇺🇸 Huns · United States
893
-38
warpig233
0:50 Loom
13:36 Feudal Age
14:53 Wheelbarrow
14:06 Double-Bit Axe
14:02 Horse Collar
14:55 Gold Mining
17:47 Stone Mining
19:08 Bloodlines
19:19 Fletching
24:02 Castle Age
bolroaandres
7:41 Loom
10:11 Feudal Age
10:43 Double-Bit Axe
15:06 Wheelbarrow
14:29 Fishing Lines
14:56 Gold Mining
18:54 Castle Age
17:18 Horse Collar
18:22 Bloodlines
31:26 Imperial Age
Connection lost

Rejoining the realm…

Still unreachable

The connection could not be restored.

Session expired

The server has moved on; the page needs a fresh start.